 Dungeon Crawl Stone Soup version 0.30-a0-989-g0d87f670db (webtiles) character file.

Game seed: 6397852582600334758

40332 Newt the Markskobold (level 14, -1/79 HPs)
             Began as a Kobold Hunter on Apr 3, 2023.
             Was an Elder of Hepliaklqana.
             Killed from afar by an ice statue (21 damage)
             ... with a shard of ice
             ... in an ice cave.
             The game lasted 00:18:39 (13489 turns).

Newt the Markskobold (Kobold Hunter)               Turns: 13489, Time: 00:18:39

Health: -1/79      AC: 17    Str:  8    XL:     14   Next: 44%
Magic:  20/20      EV: 10    Int:  7    God:    Hepliaklqana [****..]
Gold:   268        SH:  0    Dex: 24    Spells: 13/13 levels left

rFire   + + .      SeeInvis .    E - +3 shortbow (heavy)
rCold   + + .      Faith    .    (shield currently unavailable)
rNeg    . . .      Spirit   .    T - +2 chain mail {rC+}
rPois   +          Reflect  .    x - +0 hat of Mirth {rPois rCorr Int-5 Slay+2}
rElec   .          Rampage  .    P - scarf {rC+ rF+}
rCorr   +                        (no gloves)
Will    +....                    e - +0 pair of boots of Chimes {Regen+ Dex+2} Stlth
                                 K - amulet of the acrobat
HPRegen 1.13/turn                n - +4 ring of protection
MPRegen 0.17/turn                J - ring of flight

@: flying
A: reduced essence, small, no large weapons, nightstalker 3, horns 1, fire
resistance 1, MP-powered wands
a: Renounce Religion, Recall Ancestor, Ancestor Identity, Transference, Idealise


You were in an ice cave.
You worshipped Hepliaklqana.
Hepliaklqana was greatly pleased with you.
You visited 3 branches of the dungeon, and saw 14 of its levels.
You also visited: Ossuary, Bailey and Ice Cave.

You collected 918 gold pieces.
You spent 650 gold pieces at shops.

Inventory:

Hand Weapons
 a - a +2 shortbow
 E - a +3 heavy shortbow (weapon)
Missiles
 i - a throwing net
Armour
 c - a +1 leather armour
 e - the +0 pair of boots of Chimes (worn) {Regen+ Dex+2}
   (You acquired it on level 2 of the Dungeon)

   Dex:       It affects your dexterity (+2).
   Regen:     It increases your rate of health regeneration.
 x - the +0 hat of Mirth (worn) {rPois rCorr Int-5 Slay+2}
   (You acquired it in a bailey)

   Int:       It affects your intelligence (-5).
   Slay:      It affects your accuracy & damage with ranged weapons and melee
   (+2).
   rPois:     It protects you from poison.
   rCorr:     It protects you from acid and corrosion.
 B - the +1 ring mail of Agoraphobia {Str+4 Int-3 Stlth+}
   (You found it on level 6 of the Dungeon)

   Str:       It affects your strength (+4).
   Int:       It affects your intelligence (-3).
   Stlth:     It makes you more stealthy.
 F - a +2 pair of boots of stealth
 P - a scarf of resistance (worn)
 T - a +2 chain mail of cold resistance (worn)
 U - a +1 kite shield of cold resistance
 V - a +1 buckler of cold resistance
Jewellery
 n - a +4 ring of protection (left hand)
 w - an amulet of magic regeneration
 C - a ring of see invisible
 J - a ring of flight (right hand)
 K - an amulet of the acrobat (around neck)
 O - a ring of positive energy
 X - a ring of positive energy
Wands
 G - a wand of polymorph (16)
 L - a wand of flame (18)
 M - a wand of paralysis (4)
 N - a wand of iceblast (6)
 Q - a wand of mindburst (8)
Scrolls
 b - 2 scrolls of immolation
 l - 2 scrolls of noise
 o - a scroll of poison
 p - 9 scrolls of teleportation
 r - a scroll of amnesia
 s - 4 scrolls of fog
 u - 4 scrolls of enchant armour
 y - a scroll of silence
 A - 3 scrolls of blinking
 H - a scroll of fear
Potions
 d - 3 potions of attraction
 f - 4 potions of mutation
 g - 2 potions of invisibility
 h - 4 potions of curing
 j - 6 potions of degeneration
 k - 4 potions of flight
 m - 2 potions of brilliance
 q - 3 potions of might
 t - 2 potions of resistance
 v - a potion of haste
 z - 3 potions of magic
 D - 3 potions of heal wounds
 I - a potion of lignification {unknown}
 R - 2 potions of ambrosia
 S - a potion of berserk rage {unknown}
Miscellaneous
 W - a tin of tremorstones (2/2)


   Skills:
 + Level 10.8 Fighting
 - Level 20.0 Ranged Weapons
 - Level 6.0 Armour
 - Level 12.0 Dodging
 - Level 1.3 Stealth
 - Level 8.7 Invocations
 - Level 7.2 Evocations


You had 13 spell levels left.
You didn't know any spells.
Your spell library contained the following spells:

 Spells                   Type           Power      Damage    Failure   Level
 Blink                    Tloc           0%         N/A       100%        2
 Lesser Beckoning         Tloc           0%         N/A       100%        2
 Momentum Strike          Conj/Tloc      0%         3d8       100%        2
 Scorch                   Fire           0%         2d5       100%        2
 Gell's Gravitas          Tloc           0%         N/A       100%        3
 Ozocubu's Armour         Ice            0%         N/A       100%        3
 Teleport Other           Tloc           0%         N/A       100%        3
 Flame Wave               Conj/Fire      0%         2d4       100%        4
 Olgreb's Toxic Radiance  Pois           0%         N/A       100%        4
 Summon Forest            Summ/Tloc      0%         N/A       100%        5
 Eringya's Noxious Bog    Tmut/Pois      0%         N/A       100%        6
 Summon Cactus Giant      Summ           0%         N/A       100%        6
 Ozocubu's Refrigeration  Ice            0%         4d7       100%        7
 Summon Hydra             Summ           0%         N/A       100%        7
 Ignition                 Fire           0%         3d3       100%        8


Dungeon Overview and Level Annotations

Branches:
Dungeon (9/15)             Temple (1/1) D:5            Lair (4/5) D:8
 Shoals (0/4) Lair:3        Snake (0/4) Lair:3      Ossuary (visited)
 Bailey (visited)           IceCv (1/1)
  Slime: Lair:4-5       Orc: D:9-12

Altars:
Cheibriados
Dithmenos
Elyvilon
Fedhas
Gozag
Hepliaklqana
Kikubaaqudgha
Nemelex Xobeh
Okawaru
Qazlal
Ru
Sif Muna
Trog
Vehumet
Xom
Yredelemnul
Zin

Shops:
D:3 !

Annotations:
IceCv exclusion: ice statue


Innate Abilities, Weirdness & Mutations

Your life essence is reduced to manifest your ancestor. (-10% HP)
You are small and have problems with some larger weapons.
You are completely attuned to the shadows.
You have a pair of small horns on your head.
Your flesh is heat resistant. (rF+)
You expend magic power (3 MP) to strengthen your wands.


Message History

The ice beast hits you but does no damage.
The ice statue gestures.
The ice beast hits you but does no damage.
Unknown command.
Fire: E) +3 shortbow (heavy)
Press: ? - help, Shift-Dir - straight line, f/p - ice statue
Aim: an ice statue (severely damaged, 95% to hit)
You shoot an arrow. The arrow hits the ice beast!!
The ice beast is severely wounded.
The ice beast hits you but does no damage.
The ice beast closely misses you.
The ice beast hits you but does no damage.
The ice statue glitters chillingly in the dim dungeon light.
The ice beast hits you but does no damage.
Unknown command.
Fire: E) +3 shortbow (heavy)
Press: ? - help, Shift-Dir - straight line, f/p - ice statue
Aim: an ice statue (severely damaged, 95% to hit)
You shoot an arrow. The arrow hits the ice beast!!
You kill the ice beast!
The ice beast disappears in a puff of smoke!
The ice beast hits you. The ice beast freezes you. You resist.
The ice statue gestures at you. The shard of ice hits you!!
You partially resist.
* * * LOW HITPOINT WARNING * * *
The ice beast closely misses you. The ice statue gestures at you.
The bolt of cold hits the ice beast.
The ice beast completely resists.
The bolt of cold hits you. You resist.
* * * LOW HITPOINT WARNING * * *
Fire: E) +3 shortbow (heavy)
Press: ? - help, Shift-Dir - straight line, f/p - ice statue
Aim: an ice statue (severely damaged, 95% to hit)
You shoot an arrow. The arrow hits the ice beast!!
You kill the ice beast!
The ice beast disappears in a puff of smoke!
The ice beast hits you but does no damage.
The ice statue gestures at you. The shard of ice hits you!!
You partially resist.
You die...

###..##..
##..###.Z
##.##°#°#
#≈.###.#
#≈≈######
##≈≈≈#≈≈#
###≈≈≈#
#≈≈R##
###@#
#Y§§..
.#..8. .#
#... ?#
###


You could see the friendly Ammiditana the knight, an ice statue and an ice beast
(summoned, ally target).

Vanquished Creatures
  The ghost of Neipoloj the Cleaver, a journeyman MiFi of Okawaru (Lair:1)
  A hydra (Lair:2)
  The ghost of bmack86 the Cleaver, a novice MiFi of Okawaru (D:8)
  A boulder beetle (Lair:3)
  4 death yaks (Lair:3)
  The ghost of jtron the Slasher, a novice DsBe of Trog (D:7)
  4 elephants (Lair:2)
  A black mamba (Lair:3)
  A moth of wrath (D:7)
  3 cane toads
  5 komodo dragons
  4 rime drakes
  2 anaconda simulacra (IceCv)
  A queen bee (Lair:3)
  Grinder (D:6)
  23 blink frogs
  3 basilisks
  14 yaks
  4 wyverns
  2 steam dragons
  A death yak simulacrum (IceCv)
  Menkaure (Ossuary)
  2 harpy simulacra (IceCv)
  A hydra simulacrum (IceCv)
  4 water moccasins
  3 black bears (D:8)
  An ice beast (D:6)
  5 orc warriors
  6 ogres
  9 centaurs
  A wolf (D:8)
  A phantom (D:6)
  4 kobold brigands
  Blork the orc (D:5)
  7 bullfrogs
  A gnoll sergeant (D:7)
  4 scorpions
  6 two-headed ogre simulacra (IceCv)
  2 cane toad simulacra (IceCv)
  14 killer bees
  3 elephant simulacra (IceCv)
  3 electric eels (Lair:1)
  An orc priest (D:6)
  3 gnoll boudas
  2 jellies
  3 iguanas
  2 orc wizards
  3 troll simulacra (IceCv)
  4 spriggan simulacra (IceCv)
  A polar bear simulacrum (IceCv)
  A wolf simulacrum (IceCv)
  4 mummies
  10 gnolls
  4 naga simulacra (IceCv)
  6 adders
  A shadow imp (D:7)
  4 white imps (IceCv)
  5 ufetubi
  A worm (D:5)
  A dart slug (D:1)
  44 orcs
  6 ball pythons
  7 endoplasms
  3 giant cockroaches
  2 gnoll zombies (Ossuary)
  6 goblins
  5 hobgoblins
  5 jackals
  9 kobolds
  3 quokkas (D:1)
  6 bats
  2 frilled lizards
  5 gnoll skeletons (Ossuary)
  3 goblin skeletons (Ossuary)
  7 goblin zombies
  4 hobgoblin skeletons (Ossuary)
  8 hobgoblin zombies (Ossuary)
  4 kobold skeletons (Ossuary)
  3 kobold zombies (Ossuary)
  4 orc skeletons (Ossuary)
  5 orc zombies
  2 rats
  5 rat skeletons (Ossuary)
  2 rat zombies (Ossuary)
363 creatures vanquished.

Vanquished Creatures (collateral kills)
  2 two-headed ogres
  Amaemon (Lair:1)
  A skyshark (Lair:2)
  2 bog bodies (IceCv)
  A manticore (Lair:3)
  An orange demon (Lair:1)
  An elephant (Lair:2)
  A cane toad (Lair:2)
  An anaconda simulacrum (IceCv)
  A wind drake (Lair:3)
  A blink frog (Lair:2)
  4 yaks (Lair:3)
  A wyvern (Lair:2)
  A basilisk (Lair:2)
  An acid dragon (D:9)
  5 water moccasins
  6 orc warriors (Bailey)
  A black bear (D:8)
  4 centaurs (Bailey)
  A killer bee (Lair:3)
  A jelly (D:6)
  An orc priest (D:7)
  A hound (D:6)
  An orc wizard (D:8)
  2 troll simulacra (IceCv)
  A wolf simulacrum (IceCv)
  A spriggan simulacrum (IceCv)
  A gnoll (D:8)
  2 ufetubi (IceCv)
  7 orcs
  3 kobolds (D:7)
58 creatures vanquished.

Vanquished Creatures (others)
  8 knights
  9 fungi
  17 plants
34 creatures vanquished.

Grand Total: 455 creatures vanquished

Notes
Turn   | Place    | Note
-------+----------+-------------------------------------------
     0 | D:1      | Newt the Kobold Hunter began the quest for the Orb.
     0 | D:1      | Reached XP level 1. HP: 12/12 MP: 1/1
   383 | D:1      | Reached XP level 2. HP: 18/18 MP: 2/2
   606 | D:1      | Reached XP level 3. HP: 23/23 MP: 3/3
  1253 | D:2      | Identified a scroll of acquirement
  1253 | D:2      | Acquired the +0 pair of boots of Chimes {Regen+ Dex+2}
  1445 | D:2      | Reached XP level 4. HP: 16/30 MP: 4/4
  1602 | D:2      | Reached skill level 5 in Fighting
  2230 | D:2      | Found a faded altar of an unknown god.
  2352 | D:3      | Reached XP level 5. HP: 35/35 MP: 5/5
  2524 | D:3      | Gained mutation: You have a pair of small horns on your
                  | head. [potion of mutation]
  2524 | D:3      | Gained mutation: You expend magic power (3 MP) to
                  | strengthen your wands. [potion of mutation]
  2524 | D:3      | Gained mutation: Your flesh is heat resistant. (rF+)
                  | [potion of mutation]
  2592 | D:3      | Found Myab's Distillery.
  2617 | D:3      | Reached skill level 6 in Ranged Weapons
  2843 | D:4      | Found a white marble altar of Elyvilon.
  2900 | D:4      | Noticed an ogre
  2902 | D:4      | Reached skill level 7 in Ranged Weapons
  2902 | D:4      | Reached XP level 6. HP: 40/40 MP: 6/6
  2911 | D:4      | Killed an ogre
  2912 | D:4      | Reached skill level 8 in Ranged Weapons
  3282 | D:4      | You fall into a shaft and drop 1 floor!
  3282 | D:5      | Entered Level 5 of the Dungeon
  3295 | D:5      | Found a staircase to the Ecumenical Temple.
  3301 | Temple   | Entered the Ecumenical Temple
  3399 | Temple   | Became a worshipper of Hepliaklqana the Forgotten
  3481 | D:5      | Found a sand-covered staircase.
  3489 | Ossuary  | Entered an ossuary
  3826 | Ossuary  | Noticed Menkaure
  3838 | Ossuary  | Killed Menkaure
  3839 | Ossuary  | Reached skill level 9 in Ranged Weapons
  3839 | Ossuary  | Reached XP level 7. HP: 15/44 MP: 7/7
  4063 | D:5      | Reached skill level 10 in Ranged Weapons
  4602 | D:3      | Reached XP level 8. HP: 10/49 MP: 8/8
  4741 | D:3      | Found a snail-covered altar of Cheibriados.
  4760 | D:3      | Reached skill level 5 in Dodging
  4948 | D:5      | Noticed Blork the orc
  4959 | D:5      | Killed Blork the orc
  5153 | D:5      | Reached * piety under Hepliaklqana
  5268 | D:5      | Reached skill level 11 in Ranged Weapons
  5894 | D:6      | Found a sacrificial altar of Ru.
  5908 | D:6      | Noticed Grinder
  5927 | D:6      | Killed Grinder
  5928 | D:6      | Reached skill level 12 in Ranged Weapons
  5928 | D:6      | Reached XP level 9. HP: 40/48 MP: 9/9
  6064 | D:6      | Reached skill level 13 in Ranged Weapons
  6088 | D:6      | Identified the +1 ring mail of Agoraphobia {Str+4 Int-3
                  | Stlth+}
  6136 | D:6      | Found an opulent altar of Gozag.
  6270 | D:6      | Found an iron altar of Okawaru.
  6489 | D:6      | Found a glowing silver altar of Zin.
  6721 | D:7      | Found a shimmering blue altar of Sif Muna.
  6725 | D:7      | Reached ** piety under Hepliaklqana
  6727 | D:7      | Remembered your ancestor Ammiditana as a knight
  6729 | D:7      | Found a shadowy altar of Dithmenos.
  6741 | D:7      | Found a flagged portal.
  6747 | Bailey   | Entered a bailey
  6762 | Bailey   | Reached skill level 14 in Ranged Weapons
  6977 | Bailey   | Reached XP level 10. HP: 50/53 MP: 10/10
  7253 | Bailey   | Acquired the +0 hat of Mirth {rPois rCorr Int-5 Slay+2}
  7573 | D:7      | Found a transporter.
  7575 | D:7      | Found a transporter.
  7576 | D:7      | Noticed a moth of wrath
  7683 | D:7      | Found a sparkling altar of Nemelex Xobeh.
  7821 | D:7      | Noticed a two-headed ogre
  7928 | D:7      | Identified the +1 pair of boots of Darkness {Int+2}
  8253 | D:7      | Reached skill level 15 in Ranged Weapons
  8313 | D:7      | Noticed jtron's ghost (novice DsBe)
  8400 | D:7      | Killed a two-headed ogre
  8412 | D:7      | Killed a moth of wrath
  8413 | D:7      | Reached skill level 16 in Ranged Weapons
  8413 | D:7      | Reached XP level 11. HP: 61/61 MP: 11/11
  8418 | D:7      | Killed jtron's ghost
  8420 | D:7      | Found a bloodstained altar of Trog.
  8528 | D:8      | Reached skill level 17 in Ranged Weapons
  8576 | D:8      | Found a staircase to the Lair.
  8612 | D:8      | Found a stormy altar of Qazlal.
  8679 | D:8      | Reached skill level 18 in Ranged Weapons
  8681 | D:8      | Reached skill level 1 in Invocations
  8730 | D:8      | Reached *** piety under Hepliaklqana
  8871 | D:8      | Noticed bmack86's ghost (novice MiFi)
  8888 | D:8      | Found a runed translucent door.
  9080 | D:8      | Killed bmack86's ghost
  9169 | D:9      | Noticed a two-headed ogre
  9175 | D:9      | Killed a two-headed ogre
  9176 | D:9      | Reached skill level 5 in Invocations
  9283 | D:3      | Bought a potion of experience for 650 gold pieces
  9283 | D:3      | Reached XP level 12. HP: 65/65 MP: 15/18
  9384 | Lair:1   | Entered Level 1 of the Lair of Beasts
  9548 | Lair:1   | Found a runed translucent door.
  9548 | Lair:1   | Noticed Neipoloj's ghost (journeyman MiFi)
  9565 | Lair:1   | Killed Neipoloj's ghost
  9886 | Lair:1   | Reached XP level 13. HP: 70/70 MP: 19/19
  9910 | Lair:1   | Noticed Amaemon
  9915 | Lair:1   | Killed Amaemon
 10005 | Lair:1   | Reached **** piety under Hepliaklqana
 10392 | Lair:2   | Reached skill level 5 in Armour
 10552 | Lair:2   | Reached skill level 10 in Dodging
 10847 | Lair:2   | Noticed a six-headed hydra
 10856 | Lair:2   | Killed a six-headed hydra
 11412 | Lair:3   | Found a staircase to the Snake Pit.
 11646 | Lair:3   | Reached skill level 10 in Fighting
 11659 | Lair:3   | Reached XP level 14. HP: 79/79 MP: 17/20
 11902 | Lair:3   | Found a staircase to the Shoals.
 11956 | Lair:3   | Reached skill level 19 in Ranged Weapons
 12951 | Lair:4   | Found a frozen archway.
 12963 | IceCv    | Entered an ice cave
 13332 | IceCv    | Reached skill level 20 in Ranged Weapons
 13489 | IceCv    | Killed from afar by an ice statue

Illustrated notes

Levels and vault maps discovered:
D:1:      roderic_crop_circles_arrival_small, layout_basic, serial_rivers,
          chequers_serial_rivers_micro_a, chequers_serial_rivers_room_b,
          chequers_serial_rivers_large_a, chequers_serial_rivers_marsh,
          chequers_serial_rivers_marsh, chequers_serial_rivers_room_b
D:2:      layout_basic, hellmonk_ecumenical_altar_defaced_shrine
D:3:      layout_basic, nicolae_overflow_hidden_temple, serial_shops, shop
D:4:      minmay_chambers_of_threes, layout_basic, elyvilon_altar_3,
          kennysheep_generic_room_12
D:5:      kennysheep_big_flooded_room, layout_cave_pods, temple_green,
          nicolae_ossuary_entry_giza, reono_crystal_passage, uniq_blork_the_orc
D:6:      layout_cave_pools, amcnicky_altar_gilded, okawaru_metal_pillars_3,
          nicolae_ru_awakened_eye, zin_treasury, hangedman_decor_riveting,
          minmay_stone_trees_large, kennysheep_generic_room_13, uniq_grinder
D:7:      layout_cave_pods, nemelex_spade_bored_becter,
          grunt_temple_overflow_open, enter_bailey_2,
          gammafunk_ghost_wrathful_warriors
D:8:      layout_cave_pools, nicolae_overflow_crystal_walls,
          minmay_lair_entry_grove, hellmonk_ghost_happy_afterlife,
          nicolae_lava_and_water, dreamdust_gnoll_shepherd
D:9:      gammafunk_jiyva_shrine, layout_loops_ring, lemuel_crystal_altar,
          blue_anna_alchemist
Temple:   minmay_temple_curvy_loop
Lair:1:   layout_big_grid, serial_bayou, serial_bayou_ford_a,
          serial_bayou_pond_c, serial_bayou_lake_a, serial_bayou_pond_a,
          gammafunk_ghost_grave, lemuel_fruit_tree, uniq_amaemon
Lair:2:   layout_roguey, eino_small_chamber_without_monster, grunt_megastairs_2,
          infiniplex_staircase_pool_2
Lair:3:   layout_layer_cave, minmay_shoals_entry_beasts, dummy_snake_entry,
          special_room [special_room_bee]
Lair:4:   layout_concentric_octagons, portal_ice_cave_rime, lemuel_old_faithful
IceCv:    ice_cave_caverns_01

Skill      XL: |  1  2  3  4  5  6  7  8  9 10 11 12 13 14 |
---------------+-------------------------------------------+-----
Fighting       | 3 4 5 8 10 | 10.8
Ranged Weapons | 7 9 10 12 14 16 18 20 | 20.0
Dodging        | 4 6 8 9 12 | 12.0
Invocations    | 8 |  8.7
Evocations     | 7 |  7.2
Armour         | 3 6 |  6.0
Stealth        | |  1.3

Action                     |  1- 3 |  4- 6 |  7- 9 | 10-12 | 13-15 || total
---------------------------+-------+-------+-------+-------+-------++-------
   Fire: Shortbow          |    68 |   234 |   286 |   277 |   384 ||  1249
 Invoke: Ancestor Life: Kn |       |       |     1 |       |       ||     1
         Recall Ancestor   |       |       |       |     2 |       ||     2
         Idealise          |       |       |       |       |     2 ||     2
    Use: Scroll            |     6 |     4 |     5 |     2 |     5 ||    22
         Potion            |       |     3 |     5 |     4 |       ||    12
 Armour: Leather armour    |     9 |    29 |    12 |       |       ||    50
         Ring mail         |       |       |    12 |    54 |    47 ||   113
         Chain mail        |       |       |       |       |    30 ||    30
  Dodge: Dodged            |    22 |    87 |   119 |   181 |   241 ||   650

Table legend: (Time is in decaauts)
 A = Elapsed time spent in this place.
 B = Non-inter-level travel time spent in this place.
 C = Inter-level travel time spent in this place.
 D = Time resting spent in this place.
 E = Time spent auto-exploring this place.
 F = Levels seen in this place.
 G = Mean time per level.
                   A        B        C        D        E       F      G
               +--------+--------+--------+--------+--------+-----+--------+
         Total |  13723 |  13080 |    643 |   1315 |   9333 |  17 |  807.2 |
       Dungeon |   8070 |   7577 |    493 |    896 |   5577 |   9 |  896.7 |
        Temple |    139 |     80 |     59 |      0 |     76 |   1 |  139.0 |
          Lair |   3632 |   3541 |     91 |    215 |   2769 |   4 |  908.0 |
       Ossuary |    513 |    513 |      0 |     50 |    264 |   1 |  513.0 |
        Bailey |    788 |    788 |      0 |      0 |    446 |   1 |  788.0 |
      Ice Cave |    578 |    578 |      0 |    154 |    200 |   1 |  578.0 |
               +--------+--------+--------+--------+--------+-----+--------+

Top non-repeatable levels by time:
  Lair:3: 1681 daAuts
     D:5: 1435 daAuts
     D:1: 1276 daAuts
     D:2: 1060 daAuts
     D:7: 1020 daAuts
  Lair:1: 979 daAuts
     D:4: 962 daAuts
  Lair:2: 921 daAuts
     D:6: 883 daAuts
  Bailey: 788 daAuts
     D:3: 676 daAuts
     D:8: 665 daAuts
   IceCv: 578 daAuts
 Ossuary: 513 daAuts
  Temple: 139 daAuts
